 Dungeon Crawl Stone Soup version 0.21-a0 (webtiles) character file.

126 Sputnik the Sneak (level 5, -1/28 HPs)
             Began as a Vine Stalker Assassin on May 19, 2017.
             Killed by divine providence
             ... invoked by an orc priest
              (9 damage)
             ... on level 3 of the Dungeon.
             The game lasted 00:05:05 (1664 turns).

Sputnik the Sneak (Vine Stalker Assassin)           Turns: 1664, Time: 00:05:05

Health: -1/28      AC:  4    Str: 13    XL:     5   Next: 10%
Magic:  0/6        EV: 11    Int: 11    God:
Gold:   92         SH:  0    Dex: 17    Spells: 4/4 levels left

rFire    . . .     SeeInvis .   a - +2 dagger
rCold    . . .     Gourm    .   (no shield)
rNeg     . . .     Faith    .   c - +0 robe
rPois    .         Spirit   +   y - +0 helmet
rElec    .         Reflect  .   d - +0 cloak
rCorr    .         Harm     .   (no gloves)
MR       .....                  (no boots)
Stlth    +++.......             (no amulet)
Regen    0.5/turn               (no ring)
MPRegen  0.1/turn               (no ring)

@: no status effects
A: fangs 2, regeneration 1, magic shield, antimagic bite, no potion heal 3, rot
immunity
a: no special abilities


You were on level 3 of the Dungeon.
You were hungry.

You visited 1 branch of the dungeon, and saw 3 of its levels.

You collected 92 gold pieces.

Inventory:

Hand Weapons
 a - a +2 dagger (weapon)
 b - a +0 blowgun
Missiles
 e - 25 poisoned needles
 f - 2 curare-tipped needles
 t - 4 needles of sleeping
Armour
 c - a +0 robe (worn)
 d - a +0 cloak (worn)
 p - a cursed +0 ring mail
 y - a +0 helmet (worn)
Scrolls
 h - a scroll of blinking {unknown}
 m - a scroll of teleportation {unknown}
 o - 2 scrolls of remove curse {unknown}
 q - a scroll of fog {unknown}
 r - 4 scrolls of identify {unknown}
Potions
 j - 2 potions of mutation {unknown}
 k - a potion of might {unknown}
 l - 2 potions of heal wounds
 n - 5 potions of curing {unknown}
 u - a potion of cancellation {unknown}
 v - 3 potions of brilliance {unknown}
Books
 x - a book of Minor Magic

   Spells                             Type                      Level
   a - Magic Dart                     Conjuration                  1
   b - Blink                          Translocation                2
   c - Call Imp                       Summoning                    2
   d - Slow                           Hexes                        2
   e - Conjure Flame                  Conjuration/Fire             3
   f - Mephitic Cloud                 Conjuration/Poison/Air       3
Comestibles
 g - 6 bread rations
 i - 3 chunks of flesh
 s - 2 fruits
 w - a meat ration


   Skills:
 * Level 3.6 Fighting
 - Level 2.0 Short Blades
 - Level 1.7 Throwing
 - Level 0.7 Dodging
 - Level 6.1 Stealth


You had 4 spell levels left.
You didn't know any spells.

Dungeon Overview and Level Annotations

Branches:
Dungeon (3/15)

Altars:
Kikubaaqudgha


Innate Abilities, Weirdness & Mutations

You have extremely sharp teeth.
Your natural rate of healing is unusually fast.
When hurt, damage is shared between your health and your magic reserves.
Your bite disrupts and absorbs the magic of your enemies.
Potions cannot restore your health.
You are immune to rotting.


Message History

You closely miss the orc priest.
The orc priest is severely wounded.
The orc priest barely misses you.
You hit the orc priest but do no damage.
You bite the orc priest, but do no damage.
The orc priest is severely wounded.
The orc priest hits you with a club.
* * * LOW HITPOINT WARNING * * *
You hit the orc priest but do no damage.
You bite the orc priest, but do no damage.
The orc priest is severely wounded.
The orc priest barely misses you.
You hit the orc priest. Your bite misses the orc priest.
The orc priest is almost dead.
The orc priest closely misses you.
You hit the orc priest but do no damage.
The orc priest is almost dead.
The orc priest mumbles some strange prayers to Beogh against you.
Beogh smites you!
You die...

#.................
#.################
#.# #.# #.# #.#
#.# #.# #@# #o#
#.# #.# #.# #..
###


You could see an orc priest.

Vanquished Creatures
  Jessica (D:2)
  3 gnolls (D:3)
  2 adders (D:2)
  A dart slug (D:2)
  A leopard gecko (D:2)
  3 orcs (D:3)
  6 goblins
  6 hobgoblins
  6 jackals
  4 bats
  6 frilled lizards
  2 kobolds
  11 rats
52 creatures vanquished.

Notes
Turn   | Place    | Note
-------+----------+-------------------------------------------
     0 | D:1      | Sputnik the Vine Stalker Assassin began the quest for the Orb.
     0 | D:1      | Reached XP level 1. HP: 11/11 MP: 2/2
    84 | D:1      | Reached skill level 5 in Stealth
   218 | D:1      | Reached XP level 2. HP: 12/15 MP: 0/3
   496 | D:2      | Reached skill level 6 in Stealth
   496 | D:2      | Reached XP level 3. HP: 9/18 MP: 1/4
  1003 | D:2      | Found an ancient bone altar of Kikubaaqudgha.
  1028 | D:2      | Noticed Jessica
  1037 | D:2      | Killed Jessica
  1037 | D:2      | Gained mutation: Your natural rate of healing is unusually fast. [Vine Stalker growth]
  1037 | D:2      | Reached XP level 4. HP: 11/23 MP: 5/5
  1517 | D:3      | Reached XP level 5. HP: 11/28 MP: 3/6
  1664 | D:3      | Killed from afar by an orc priest

Vault maps used:
D:1:      kennysheep_arrival_seaside
D:2:      kiku_gazebo_garden_becter, minmay_rat_gold_closets, uniq_jessica
D:3:      first_bread, st_stairs_6

Skill      XL: |  1  2  3  4 |
---------------+-------------+-----
Stealth        | 5 6 |  6.1
Short Blades   | 2 |  2.0
Fighting       | 2 3 |  3.6
Throwing       | |  1.7
Dodging        | |  0.7

Action                   |  1- 3 |  4- 6 || total
-------------------------+-------+-------++-------
Melee: Dagger            |    83 |    88 ||   171
       Bite              |    18 |    27 ||    45
  Use: Potion            |     1 |     2 ||     3
 Stab: Sleeping          |    11 |     5 ||    16
       Distracted        |       |     1 ||     1
  Eat: Chunk             |       |     2 ||     2
Armor: Robe              |    19 |    14 ||    33
       Skin              |       |     4 ||     4
Dodge: Dodged            |    24 |    29 ||    53
